AoeStats
← [CL] Al3jandr0.magn00

Arabia

503593317Analyzed
1v1 RM · 1mo ago on Sep 1, 2026· 46m 45s· 2 players
Game mode
Random Map
Map size
Tiny (2 player)
Population
200
Speed
Normal
Resources
Standard
Victory
Conquest
Starting age
Dark Age
Ending age
Imperial Age
RankedLock teamsTeams togetherTeam positionsShared explorationLock speedFull tech treeHidden civsTurbo modeCheats
Victory
Defeat
🇳🇿 Sicilians · New Zealand
1944
+14
🇦🇷 Vikings · Argentina
1909
-14
[CL] Al3jandr0.magn00
6:16 Loom
9:37 Feudal Age
10:07 Double-Bit Axe
10:03 Horse Collar
16:11 Town Watch
20:44 Castle Age
19:16 Fletching
20:34 Gold Mining
20:55 Crossbowman
21:43 Bodkin Arrow
36:45 Imperial Age
35:20 Scale Mail Armor
35:30 Forging
35:22 Squires
36:47 Chain Mail Armor
38:00 Iron Casting
39:07 Plate Mail Armor
39:12 Iron Casting
42:33 Blast Furnace
43:44 Bracer
Mungrel
7:04 Loom
9:47 Feudal Age
10:39 Double-Bit Axe
10:54 Horse Collar
15:58 Fletching
22:14 Castle Age
20:32 Gold Mining
20:41 Stone Mining
21:37 Town Watch
23:16 Bodkin Arrow
23:28 Padded Archer Armor
23:40 Bow Saw
25:30 Wheelbarrow
24:56 Heavy Plow
26:29 Scale Mail Armor
35:51 Chain Mail Armor
36:30 Forging
36:49 Ballistics
40:15 Imperial Age
40:02 Masonry
39:47 Murder Holes
41:23 First Crusade
41:24 Conscription
41:36 Plate Mail Armor
41:48 Bracer
42:23 Iron Casting
42:22 Elite Serjeant
43:38 Hoardings
42:35 Capped Ram
43:40 Squires
43:26 Arson
44:12 Crop Rotation
44:28 Guilds
45:21 Blast Furnace
44:32 Sappers
46:04 Chemistry
45:45 Crossbowman
46:12 Arrowslits
46:44 Siege Ram
Connection lost

Rejoining the realm…

Still unreachable

The connection could not be restored.

Session expired

The server has moved on; the page needs a fresh start.